 Dungeon Sprint DCSS version 0.26-a0-658-gbdda728c12 (webtiles) character file.

Game seed: 14921496767592348514

1699 Baz the Grappler (level 8, -4/92 HPs)
             Began as a Troll Berserker on Oct 5, 2020.
             Was a High Priest of Trog.
             Killed from afar by a burning bush (17 damage)
             ... with a puff of flame
             ... in the Dungeon (Sprint IV: "Fedhas' Mad Dash").
             The game lasted 00:02:52 (842 turns).

Baz the Grappler (Troll Berserker)                   Turns: 842, Time: 00:02:53

Health: -4/92      AC: -2    Str: 26    XL:     8   Next: 73%
Magic:  7/7        EV: 14    Int:  3    God:    Trog [*****.]
Gold:   136        SH:  0    Dex: 11    Spells: 7/7 levels left

rFire    . . .     SeeInvis .     - Unarmed
rCold    . . .     Faith    .   (no shield)
rNeg     . . .     Spirit   .   a - +0 animal skin
rPois    .         Reflect  .   (helmet restricted)
rElec    .         Harm     .   (no cloak)
rCorr    .         Rampage  .   (gloves unavailable)
MR       .....     NoTele   +   (boots unavailable)
Stlth    +.........             h - amulet of invisibility {+Inv}
HPRegen  0.65/turn              (no ring)
MPRegen  0.10/turn              (no ring)

@: corroded, berserk cooldown, very slightly contaminated, slowed, very slow
A: large, unfitting armour, claws 3, regeneration 1, shaggy fur 1, tough skin 3
a: Berserk, Trog's Hand, Brothers in Arms, Renounce Religion, Evoke Invisibility


You were in the Dungeon.
You worshipped Trog.
Trog was extremely pleased with you.
You visited 1 branch You collected 184 gold pieces.
You spent 48 gold pieces at shops.

Inventory:

Armour
 a - a +0 animal skin (worn)
Jewellery
 h - the amulet of invisibility (around neck) {+Inv}
   (You found it in the Dungeon)

   [amulet of nothing]

   It lets you turn invisible.
Scrolls
 g - a scroll of blinking
 k - a scroll of vulnerability {unknown}
Potions
 b - 4 potions of curing
 d - a potion of haste
 e - 2 potions of magic
 f - 2 potions of berserk rage
 i - 2 potions of ambrosia {unknown}
 j - a potion of might


   Skills:
 * Level 9.3 Fighting
 * Level 9.3 Dodging
 * Level 11.0 Unarmed Combat
 + Level 5.3 Evocations


You had 7 spell levels left.
You didn't know any spells.
Your spell library was empty.

Dungeon Overview and Level Annotations

Branches:
Dungeon (1/1)

Altars:
Cheibriados
Dithmenos
Elyvilon
Gozag
Hepliaklqana
Kikubaaqudgha
Makhleb
Nemelex Xobeh
Okawaru
Qazlal
Ru
Sif Muna
Trog
Uskayaw
Vehumet
Wu Jian
Xom
Yredelemnul
Zin
The Shining One
Beogh
Jiyva
Lugonu

Shops:
D !(=}


Innate Abilities, Weirdness & Mutations

You are too large for most types of armour.
You have claws for hands.
Your natural rate of healing is unusually fast.
You are covered in fur. (AC +1)
You have extremely tough skin. (AC +3)


Message History

The burning bush throws fire at you. The puff of flame hits you!
* * * LOW HITPOINT WARNING * * *
You scratch the burning bush but do no damage.
The burning bush is lightly damaged.
The burning bush throws fire at you. The puff of flame misses you.
You claw the burning bush! x2
The burning bush is almost destroyed.
The burning bush throws fire at you. The puff of flame hits you!
* * * LOW HITPOINT WARNING * * *
You scratch the burning bush but do no damage.
The burning bush is almost destroyed.
Unknown command.
You scratch the burning bush but do no damage.
The burning bush is almost destroyed.
The burning bush throws fire at you. The puff of flame hits you!
You die...

#<..P#.....#.....#.⌠._._._.
#PP..'.....'.#...'.._._._._
#PPPP#.....#.#...#..._._._.
###############'##.._._._._
#...♣..†.....'...#._._._._.
#....†.♣†....#...##########
#....†♣..♣..######
##'####'######.}+
#..#....'.@..).f#
#..#.)###P......# #######
#########


You could see a wandering mushroom and a burning bush.

Vanquished Creatures
  An oklob plant (D)
  2 burning bushes (D)
  2 scorpions (D)
  5 oklob saplings (D)
  A worker ant (D)
  2 spriggans (D)
  A river rat (D)
  2 wandering mushrooms (D)
  A rat (D)
17 creatures vanquished.

Vanquished Creatures (collateral kills)
  An oklob plant (D)
  A queen bee (D)
  4 killer bees (D)
6 creatures vanquished.

Grand Total: 23 creatures vanquished

Notes
Turn   | Place    | Note
-------+----------+-------------------------------------------
     0 | D        | Baz the Troll Berserker began the quest for the Orb.
     0 | D        | Reached XP level 1. HP: 22/22 MP: 0/0
     8 | D        | Reached XP level 2. HP: 20/31 MP: 1/1
    31 | D        | Noticed an oklob sapling
    35 | D        | Killed an oklob sapling
    35 | D        | Reached ** piety under Trog
    35 | D        | Reached skill level 4 in Unarmed Combat
    35 | D        | Reached XP level 3. HP: 39/39 MP: 2/2
    38 | D        | Found the amulet of invisibility {+Inv}
    38 | D        | Reached skill level 5 in Unarmed Combat
    86 | D        | Noticed an oklob sapling
   162 | D        | Killed an oklob sapling
   162 | D        | Reached skill level 1 in Evocations
   162 | D        | Reached XP level 4. HP: 32/49 MP: 0/3
   195 | D        | Found an opulent altar of Gozag.
   195 | D        | Found a hazy altar of Hepliaklqana.
   195 | D        | Found a burning altar of Makhleb.
   195 | D        | Found a roughly hewn altar of Beogh.
   195 | D        | Found a sparkling altar of Nemelex Xobeh.
   195 | D        | Found a snail-covered altar of Cheibriados.
   195 | D        | Found a sacrificial altar of Ru.
   195 | D        | Found a shimmering blue altar of Sif Muna.
   195 | D        | Found a shimmering altar of Xom.
   195 | D        | Found a basalt altar of Yredelemnul.
   197 | D        | Found a viscous altar of Jiyva.
   197 | D        | Found a bloodstained altar of Trog.
   197 | D        | Found an ornate altar of the Wu Jian Council.
   198 | D        | Found an iron altar of Okawaru.
   198 | D        | Found a shadowy altar of Dithmenos.
   198 | D        | Found a glowing silver altar of Zin.
   199 | D        | Found an ancient bone altar of Kikubaaqudgha.
   199 | D        | Found a hide-covered altar of Uskayaw.
   200 | D        | Found a stormy altar of Qazlal.
   200 | D        | Found a white marble altar of Elyvilon.
   200 | D        | Found a glowing golden altar of the Shining One.
   201 | D        | Found a corrupted altar of Lugonu.
   201 | D        | Found a radiant altar of Vehumet.
   207 | D        | Reached skill level 5 in Fighting
   207 | D        | Reached skill level 5 in Dodging
   207 | D        | Reached skill level 6 in Unarmed Combat
   207 | D        | Reached XP level 5. HP: 57/57 MP: 1/4
   276 | D        | Reached *** piety under Trog
   325 | D        | Reached skill level 7 in Unarmed Combat
   329 | D        | Reached **** piety under Trog
   329 | D        | Reached XP level 6. HP: 45/67 MP: 5/5
   386 | D        | Found Vuqituig's Antique Weapon Shop.
   386 | D        | Found Vonig's Distillery.
   391 | D        | Noticed a burning bush
   391 | D        | Noticed a wandering mushroom
   428 | D        | Noticed a wandering mushroom
   552 | D        | Killed a wandering mushroom
   552 | D        | Reached skill level 8 in Unarmed Combat
   616 | D        | Bought a potion of might for 48 gold pieces
   624 | D        | Killed a burning bush
   624 | D        | Reached skill level 9 in Unarmed Combat
   624 | D        | Reached XP level 7. HP: 56/78 MP: 6/6
   658 | D        | Found Aqusugom's Gadget Emporium.
   658 | D        | Found Himyvuw's Jewellery Shoppe.
   702 | D        | Noticed a queen bee
   706 | D        | Killed a queen bee
   715 | D        | Reached ***** piety under Trog
   722 | D        | Noticed an oklob plant
   724 | D        | Killed an oklob plant
   724 | D        | Reached skill level 10 in Unarmed Combat
   724 | D        | Reached XP level 8. HP: 60/89 MP: 7/7
   794 | D        | Noticed a burning bush
   800 | D        | Killed a burning bush
   813 | D        | Noticed a burning bush
   813 | D        | Noticed an oklob plant
   814 | D        | Noticed a wandering mushroom
   827 | D        | Killed an oklob plant
   827 | D        | Reached skill level 5 in Evocations
   829 | D        | Received a gift from Trog
   829 | D        | Reached skill level 11 in Unarmed Combat
   842 | D        | Killed from afar by a burning bush

Illustrated notes

Levels and vault maps discovered:
D:        dungeon_sprint_fedhas [sprint_temple]

Skill      XL: |  1  2  3  4  5  6  7  8 |
---------------+-------------------------+-----
Fighting       | 3 4 5 6 7 8 9 |  9.3
Dodging        | 3 4 5 6 7 8 9 |  9.3
Unarmed Combat | 4 5 6 7 9 10 11 | 11.0
Evocations     | 1 2 4 5 |  5.3

Action                   |  1- 3 |  4- 6 |  7- 9 || total
-------------------------+-------+-------+-------++-------
Melee: Unarmed           |    10 |    39 |    29 ||    78
       Punch             |       |     2 |     3 ||     5
Invok: Berserk           |     1 |     1 |     1 ||     3
       Trog's Hand       |       |       |     1 ||     1
       Brothers in Arms  |       |       |     1 ||     1
 Abil: Evoke Invisibilit |     1 |     1 |     1 ||     3
  Use: Potion            |       |       |     1 ||     1
 Stab: Invisible         |     1 |     1 |     1 ||     3
Armor: Animal skin       |     1 |     5 |     6 ||    12
Dodge: Dodged            |     5 |    18 |    20 ||    43

Table legend: (Time is in decaauts)
 A = Elapsed time spent in this place.
 B = Non-inter-level travel time spent in this place.
 C = Inter-level travel time spent in this place.
 D = Time resting spent in this place.
 E = Time spent auto-exploring this place.
 F = Levels seen in this place.
 G = Mean time per level.
                   A        B        C        D        E       F      G
               +--------+--------+--------+--------+--------+-----+--------+
         Total |    848 |    848 |      0 |    518 |      0 |   1 |  848.0 |
       Dungeon |    848 |    848 |      0 |    518 |      0 |   1 |  848.0 |
               +--------+--------+--------+--------+--------+-----+--------+

Top non-repeatable levels by time:
       D: 848 daAuts
